 Dungeon Crawl Stone Soup version 0.31-a0-700-gf13585253f (webtiles) character file.

Game seed: 7992494786159348636

35 qw the Shooter (level 3, -1/22 HPs)
             Began as a Gargoyle Hunter on Sept 7, 2023.
             Slain by an endoplasm (3 damage)
             ... on level 2 of the Dungeon.
             The game lasted 00:00:22 (686 turns).

qw the Shooter (Gargoyle Hunter)                     Turns: 686, Time: 00:00:23

Health: -1/22      AC:  6    Str: 14    XL:     3   Next: 33%
Magic:  3/3        EV: 11    Int:  9    God:
Gold:   24         SH:  0    Dex: 15    Spells: 2/2 levels left

rFire   . . .        Y - +0 shortbow
rCold   . . .        (shield currently unavailable)
rNeg    + . .        c - +0 leather armour
rPois   inf          (no helmet)
rElec   +            (no cloak)
rCorr   .            (no gloves)
SInv    .            (no boots)
Will    .....        (no amulet)
Stlth   ++           (no ring)
HPRegen 0.23/turn    (no ring)
MPRegen 0.08/turn

%: no passive effects
@: no status effects
A: sickness immunity, AC +3, negative energy resistance 1, electricity
resistance, torment resistance 1, petrification resistance
a: no special abilities


You were on level 2 of the Dungeon.
You visited 1 branch of the dungeon, and saw 2 of its levels.

You collected 24 gold pieces.


Innate Abilities, Weirdness & Mutations

You are immune to sickness and miasma.
Your stone body is resilient. (AC +3)
You are immune to poison.
You resist negative energy. (rN+)
You are resistant to electric shocks. (rElec)
You are resistant to unholy torment.
You are immune to petrification.


   Skills:
 + Level 2.4 Fighting
 - Level 5.0 Ranged Weapons
 - Level 1.5 Dodging
 - Level 1.1 Stealth


You had 2 spell levels left.
You didn't know any spells.
Your spell library was empty.

Inventory:

Hand Weapons
 Y - a +0 shortbow (weapon)
Armour
 c - a +0 leather armour (worn)
Scrolls
 a - a scroll of enchant armour
Potions
 d - a potion of invisibility {unknown}
 g - a potion of brilliance {unknown}
 h - a potion of enlightenment {unknown}

Dungeon Overview and Level Annotations

Branches:
Dungeon (2/15)

Altars:


Message History

You shoot an arrow.
The arrow hits the worm but does no damage.
The worm is moderately wounded.
The endoplasm misses you. The worm misses you.
You shoot an arrow. The arrow barely misses the worm.
The endoplasm freezes you.
You are frozen.
You shoot an arrow. The arrow hits the worm.
The worm is moderately wounded.
The endoplasm hits you but does no damage.
The worm bites you but does no damage.
You shoot an arrow.
The arrow hits the worm but does no damage.
The worm is moderately wounded.
The endoplasm freezes you.
You are frozen.
The endoplasm hits you.
You shoot an arrow. The arrow hits the worm.
The worm is heavily wounded.
The worm barely misses you. The endoplasm closely misses you.
You shoot an arrow.
The arrow hits the worm but does no damage.
The worm is heavily wounded.
The endoplasm hits you but does no damage.
The worm bites you!
You shoot an arrow.
The arrow hits the worm but does no damage.
The worm is moderately wounded.
The endoplasm hits you but does no damage.
The worm bites you but does no damage.
You shoot an arrow. The arrow hits the worm!
The worm is severely wounded.
The endoplasm freezes you.
You are frozen.
You shoot an arrow. The arrow hits the worm.
You kill the worm!
The endoplasm hits you but does no damage.
The adder bites you.
You shoot an arrow. The arrow closely misses the adder.
The endoplasm hits you.
You die...

### ## ..
.. ### ....
..# .#. #.#
.. #.# #.
#.#
.##.##S##.#
.>....J@..#
.##..####.#
#. #<# #.#
#.# ..# ###


You could see an adder and an endoplasm.

Vanquished Creatures
  A worm (D:2)
  4 bats (D:1)
  6 endoplasms
  A giant cockroach (D:1)
  4 hobgoblins (D:1)
  4 kobolds (D:1)
  A quokka (D:1)
  4 ball pythons (D:1)
  A frilled lizard (D:1)
  A rat (D:1)
27 creatures vanquished.

Notes
Turn   | Place    | Note
-------+----------+-------------------------------------------
     0 | D:1      | qw the Gargoyle Hunter began the quest for the Orb.
     0 | D:1      | Reached XP level 1. HP: 12/12 MP: 1/1
     0 | D:1      | 0 ||| qw: Version: 0.3-a-76-g4403597
     0 | D:1      | 0 ||| qw: Game counter: 606
     0 | D:1      | 0 ||| qw: Melee chars always use a shield: true
     0 | D:1      | 0 ||| qw: God list: Okawaru
     0 | D:1      | 0 ||| qw: Allow faded altars: false
     0 | D:1      | 0 ||| qw: Do Orc after clearing Dungeon:15 true
     0 | D:1      | 0 ||| qw: Do second Lair branch before Depths: true
     0 | D:1      | 0 ||| qw: Lair rune preference: random
     0 | D:1      | 0 ||| qw: Goals: Normal
     0 | D:1      | 0 ||| PLANNING D:1-11
   167 | D:1      | Reached XP level 2. HP: 17/17 MP: 2/2
   434 | D:1      | Reached XP level 3. HP: 19/21 MP: 3/3
   543 | D:1      | Reached skill level 5 in Ranged Weapons
   631 | D:1      | 631 ||| DROPPING ring of flight.
   632 | D:1      | 632 ||| READING 2 scrolls labelled XYAZXU YGIG.
   633 | D:1      | 633 ||| DROPPING scroll of butterflies.
   682 | D:2      | HP: 5/22 [worm (7)]
   685 | D:2      | HP: 2/22 [adder (1)]
   686 | D:2      | Slain by an endoplasm

Levels and vault maps discovered:
D:1:      dpeg_arrival_concentric_ovals, layout_basic,
          minmay_misc_feat_ornament, nrook_mini_backslash
D:2:      layout_loops_cross

Skill      XL: |  1  2  3 |
---------------+----------+-----
Ranged Weapons | 5 |  5.0
Fighting       | |  2.4
Dodging        | |  1.5
Stealth        | |  1.1

Action                     || total
---------------------------++-------
   Fire: Shortbow          ||   100
    Use: Scroll            ||     1
 Armour: Leather armour    ||    30
  Dodge: Dodged            ||    22

Table legend:
 A = Non-vault XP
 B = Vault XP
 C = Vault XP percentage of total XP
 D = Non-vault monster count
 E = Vault monster count
 F = Vault count percentage of total count
                 A         B        C        D         E       F
            +---------+---------+-------+---------+---------+-------
      Total |      50 |       0 |   0.0 |      27 |       0 |   0.0
            +---------+---------+-------+---------+---------+-------
        D:1 |      43 |       0 |   0.0 |      25 |       0 |   0.0
        D:2 |       7 |       0 |   0.0 |       2 |       0 |   0.0
            +---------+---------+-------+---------+---------+-------
